 Dungeon Crawl Stone Soup version 0.31-a0-620-gd1cbd99268 (webtiles) character file.

Game seed: 16985425293428999138

161 Ijustatesigmund the Stinger (level 5, -1/35 HPs)
             Began as an Octopode Venom Mage on Aug 23, 2023.
             Frozen to death by an endoplasm (3 damage)
             ... on level 4 of the Dungeon.
             The game lasted 00:07:05 (3559 turns).

Ijustatesigmund the Stinger (Octopode Venom Mage)   Turns: 3559, Time: 00:07:06

Health: -1/35      AC:  1    Str: 11 (13) XL:     5   Next: 42%
Magic:  8/9        EV: 13    Int: 18 (19) God:
Gold:   150        SH:  0    Dex: 12 (13) Spells: 4/10 levels left

rFire   . . .        c - +1 mace
rCold   . . .        (no shield)
rNeg    . . .        (helmet restricted)
rPois   .            (no amulet)
rElec   .            e - +6 ring of strength
rCorr   .            (no ring)
SInv    .            (no ring)
Will    .....        (no ring)
Stlth   +++          (no ring)
HPRegen 0.25/turn    (no ring)
MPRegen 0.11/turn    (no ring)
                     (no ring)

%: no passive effects
@: on berserk cooldown, slowed, very slow
A: almost no armour, amphibious, 8 rings, camouflage 1, gelatinous body 1,
(nimble swimmer 1), tentacles
a: no special abilities


You were on level 4 of the Dungeon.
You visited 1 branch of the dungeon, and saw 4 of its levels.

You collected 150 gold pieces.

Inventory:

Hand Weapons
 c - a +1 mace (weapon)
Armour
 i - a +0 tower shield
Jewellery
 e - a +6 ring of strength (left tentacle)
 o - an amulet of guardian spirit
Talismans
 h - a flux talisman
Wands
 j - a wand of flame (18)
Potions
 a - 2 potions of magic
 b - 2 potions of degeneration
 d - 3 potions of curing
 f - a potion of ambrosia {unknown}
 g - a potion of heal wounds {unknown}
 l - a potion of brilliance {unknown}
 m - a potion of mutation {unknown}


   Skills:
 + Level 2.3 Fighting
 - Level 2.0 Dodging
 - Level 2.6 Stealth
 + Level 3.0 Spellcasting
 - Level 1.0 Transmutations
 + Level 2.0 Air Magic
 + Level 4.8 Poison Magic


You had 4 spell levels left.
You knew the following spells:

 Your Spells              Type           Power      Damage    Failure   Level
a - Sting                 Tmut/Pois      52%        1d5       4%          1
b - Poisonous Vapours     Pois/Air       30%        N/A       6%          2
c - Mephitic Cloud        Conj/Pois/Air  10%        N/A       19%         3

Your spell library contained the following spells:

 Spells                   Type           Power      Damage    Failure   Level
 Apportation              Tloc           4%         N/A       16%         1
 Necrotise                Necr           8%         1d4       16%         1
 Slow                     Hex            8%         N/A       16%         1
 Summon Small Mammal      Summ           8%         N/A       16%         1
 Olgreb's Toxic Radiance  Pois           20%        N/A       22%         4
 Scorch                   Fire           4%         2d5       24%         2
 Confusing Touch          Hex            2%         N/A       43%         3
 Vampiric Draining        Necr           2%         2d6       43%         3
 Flame Wave               Conj/Fire      2%         2d4       85%         4
 Summon Cactus Giant      Summ           1%         N/A       100%        6


Dungeon Overview and Level Annotations

Branches:
Dungeon (4/15)
 Temple: D:4-7

Altars:
Elyvilon
Kikubaaqudgha

Annotations:
D:3 Natasha
D:4 Ijyb


Innate Abilities, Weirdness & Mutations

You cannot wear most types of armour.
You are amphibious.
You can wear up to eight rings at the same time.
Your skin changes colour to match your surroundings (Stealth+).
Your rubbery body absorbs attacks. (AC +1, EV +1)
((You are camouflaged when in or above water. (Stealth+)))
You have tentacles for arms and can constrict up to eight enemies at once.


Message History

The endoplasm quivers.
The iguana bites you.
You closely miss the iguana. You grab the iguana.
The iguana is moderately wounded.
You constrict the iguana. The iguana bites you!
As you read the scroll of teleportation, it crumbles to dust.
You feel strangely unstable.
You constrict the iguana, but do no damage.
The iguana bites you!
* * * LOW HITPOINT WARNING * * *
It was a potion of curing.
You feel better.
You constrict the iguana, but do no damage.
The iguana completely misses you.
It was a potion of degeneration.
There was something very wrong with that liquid.
You feel weakened.
You feel dopey.
You feel clumsy.
Your surroundings suddenly seem different.
You lose your grip on something.
A hobgoblin comes into view.
It was a potion of berserk rage.
A red film seems to cover your vision as you go berserk!
You feel yourself moving faster!
You feel mighty!
The orc shouts!
The orc misses you.
You sock the orc!
You kill the orc!
You thump the orc!
You kill the orc!
Your Air Magic skill increases to level 2!
You feel a strong urge to attack something.
You feel your anger nearly subside.
You are no longer berserk.
You are exhausted.
You feel yourself slow down.
There is a stone staircase leading up, spattered with blood here.
The orc closely misses you. The orc wizard barely misses you.
The orc hits you from afar with a +0 trident!
* * * LOW HITPOINT WARNING * * *
The endoplasm freezes you.
You are frozen.
You die...

... .###..gJ# ...##..
#.........##....##
....... ....
.......)..... ......
....#
....................
....##...................
#. ..................##
#...##)....og......#..#
#.....)...oJ.....##..#
##...#..g.@## #....#...##
#..#..#..## #..........#
#.........## #..........
####........ .........


You could see Ijyb, an orc wizard, an orc, an endoplasm and a hobgoblin.

Vanquished Creatures
  Natasha (twice) (D:3)
  2 adders (D:2)
  A worm (D:3)
  4 dart slugs
  5 orcs
  3 ball pythons
  4 endoplasms
  4 giant cockroaches
  6 hobgoblins
  6 jackals
  3 quokkas
  11 bats
  4 frilled lizards
  5 goblins
  9 kobolds
  3 rats
72 creatures vanquished.

Vanquished Creatures (others)
  A butterfly (D:3)
1 creature vanquished.

Grand Total: 73 creatures vanquished

Notes
Turn   | Place    | Note
-------+----------+-------------------------------------------
     0 | D:1      | Ijustatesigmund the Octopode Venom Mage began the quest for
                  | the Orb.
     0 | D:1      | Reached XP level 1. HP: 11/11 MP: 3/3
   213 | D:1      | Reached XP level 2. HP: 18/18 MP: 3/5
   221 | D:1      | Learned a level 2 spell: Poisonous Vapours
   460 | D:1      | Reached skill level 1 in Fighting
   463 | D:1      | Reached skill level 4 in Poison Magic
   652 | D:1      | Reached XP level 3. HP: 23/23 MP: 6/6
   656 | D:1      | Learned a level 3 spell: Mephitic Cloud
  1327 | D:2      | Reached skill level 1 in Air Magic
  1590 | D:2      | You fall into a shaft and drop 1 floor!
  1590 | D:3      | Found an ancient bone altar of Kikubaaqudgha.
  1590 | D:3      | Found a faded altar of an unknown god.
  1629 | D:4      | Noticed Ijyb
  1633 | D:4      | Noticed a scorpion
  1788 | D:3      | Reached XP level 4. HP: 12/28 MP: 4/7
  2294 | D:3      | Noticed Natasha
  2298 | D:3      | Killed Natasha
  2617 | D:2      | Found a faded altar of an unknown god.
  2681 | D:2      | Reached XP level 5. HP: 26/34 MP: 4/9
  3029 | D:2      | Identified the +2 chain mail "Geocwebi" {Dex+2}
  3063 | D:3      | Noticed Natasha
  3069 | D:3      | Killed Natasha
  3240 | D:3      | Noticed Natasha
  3318 | D:3      | Found a white marble altar of Elyvilon.
  3559 | D:4      | Frozen to death by an endoplasm

Illustrated notes

Levels and vault maps discovered:
D:1:      dreamdust_arrival_beginning_and_end, layout_basic, skrybe_limestone_x
D:2:      layout_rooms, ebering_ecumenical_altar_hall
D:3:      layout_rooms, nicolae_elyvilon_peaceful_grove,
          nicolae_overflow_ecumenical_swirl, uniq_natasha
D:4:      layout_cave_pools, mainiacjoe_overflow_brackets, kennysheep_mini_moat,
          temple_statues, uniq_edmund, uniq_ijyb, uniq_eustachio, uniq_grinder

Skill      XL: |  1  2  3  4  5 |
---------------+----------------+-----
Fighting       | 1 2 |  2.3
Poison Magic   | 4 |  4.8
Air Magic      | 1 2 |  2.0
Spellcasting   | 3 |  3.0
Dodging        | |  2.0
Stealth        | |  2.6
Transmutations | |  1.0

Action                     |  1- 3 |  4- 6 || total
---------------------------+-------+-------++-------
  Melee: Unarmed           |    14 |       ||    14
         Constrict         |    17 |    14 ||    31
         Tentacles         |    14 |    12 ||    26
         Punch             |     1 |     1 ||     2
         Dagger            |    24 |       ||    24
         Mace              |    35 |    48 ||    83
   Cast: Sting             |     6 |     9 ||    15
         Poisonous Vapours |    16 |    24 ||    40
    Use: Scroll            |       |     8 ||     8
         Potion            |       |     3 ||     3
   Stab: Sleeping          |     6 |     1 ||     7
         Distracted        |     1 |       ||     1
 Armour: Skin              |    14 |     5 ||    19
  Dodge: Dodged            |    73 |    47 ||   120

Table legend: (Time is in decaauts)
 A = Elapsed time spent in this place.
 B = Non-inter-level travel time spent in this place.
 C = Inter-level travel time spent in this place.
 D = Time resting spent in this place.
 E = Time spent auto-exploring this place.
 F = Levels seen in this place.
 G = Mean time per level.
                   A        B        C        D        E       F      G
               +--------+--------+--------+--------+--------+-----+--------+
         Total |   3586 |   3532 |     54 |   1016 |   1943 |   4 |  896.5 |
       Dungeon |   3586 |   3532 |     54 |   1016 |   1943 |   4 |  896.5 |
               +--------+--------+--------+--------+--------+-----+--------+

Top non-repeatable levels by time:
     D:3: 1257 daAuts
     D:1: 1185 daAuts
     D:2: 1105 daAuts
     D:4: 38 daAuts
